 Dungeon Crawl Stone Soup version 0.20.1-1-g8b1a95d (webtiles) character file.

202 Gremour the Chopper (level 5, -3/45 HPs)
             Began as a Hill Orc Fighter on Dec 8, 2017.
             Slain by an ogre
             ... wielding a +0 giant club
              (23 damage)
             ... on level 4 of the Dungeon.
             The game lasted 00:11:00 (2732 turns).

Gremour the Chopper (Hill Orc Fighter)              Turns: 2732, Time: 00:11:00

Health: -3/45      AC:  6    Str: 19    XL:     5   Next: 80%
Magic:  14/14      EV:  7    Int:  8    God:
Gold:   104        SH:  9    Dex: 11    Spells: 4/4 levels left

rFire    . . .     SeeInvis .   a - +0 war axe
rCold    . . .     Gourm    .   c - +0 shield
rNeg     . . .     Faith    .   b - +0 scale mail
rPois    .         Spirit   .   (no helmet)
rElec    .         Reflect  .   (no cloak)
rCorr    .         Harm     .   (no gloves)
MR       .....                  (no boots)
Stlth    ..........             (no amulet)
Regen    0.2/turn               e - ring of magical power
MPRegen  0.2/turn               (no ring)

@: no status effects
A: no striking features
a: no special abilities


You were on level 4 of the Dungeon.
You were not hungry.

You visited 1 branch of the dungeon, and saw 4 of its levels.

You collected 104 gold pieces.

Inventory:

Hand Weapons
 a - a +0 war axe (weapon)
 u - a +0 mace of holy wrath
Armour
 b - a +0 scale mail (worn)
 c - a +0 shield (worn)
Jewellery
 e - a ring of magical power (left hand)
 j - a cursed ring of teleportation {unknown}
 p - an uncursed amulet of harm {unknown}
Scrolls
 g - 3 scrolls of teleportation {unknown}
 h - 6 scrolls of identify {unknown}
 i - a scroll of immolation {unknown}
 m - a scroll of blinking {unknown}
 n - a scroll of enchant weapon {unknown}
 o - a scroll of enchant armour {unknown}
 q - a scroll of noise {unknown}
 r - a scroll of remove curse {unknown}
Potions
 d - 3 potions of might
 t - a potion of haste {unknown}
Comestibles
 f - 4 bread rations
 k - a royal jelly
 l - 2 meat rations
 s - a chunk of flesh


   Skills:
 - Level 3.6 Fighting
 + Level 7.7 Axes
 - Level 3.2 Armour
 - Level 3.2 Shields


You had 4 spell levels left.
You didn't know any spells.

Dungeon Overview and Level Annotations

Branches:
Dungeon (4/15)
 Temple: D:4-7

Altars:
Kikubaaqudgha
Nemelex Xobeh
Ru
Uskayaw
Vehumet
Yredelemnul
The Shining One


Message History

You feel sick.
You open the door.
There is an open door here.
You feel sick.
You feel sick.
You open the door.
There is an open door here.
You feel sick.
You feel sick.
You are no longer poisoned.
An ogre comes into view. It is wielding a giant club.
Found a meat ration.
Found a stone staircase leading down.
You hit the ogre.
The ogre is lightly wounded.
The ogre hits you with a giant club!
You hit the ogre.
The ogre is moderately wounded.
The ogre hits you with a giant club!!
Ouch! That really hurt!
You die...

####################
#...........@.......
#.###########O.#####
###'########## ..#
#....##......# >...
#....##......# ..###
#. #....##......#
..# #.
#....##......# ..%
.. #....##......+
..# #.#####
#....##......#
#.....#


You could see an ogre.

Vanquished Creatures
  An ogre (D:4)
  A worker ant (D:4)
  2 adders
  A worm (D:2)
  4 dart slugs
  2 leopard geckos
  4 orcs (D:4)
  2 giant cockroaches
  8 goblins
  8 hobgoblins
  4 jackals (D:2)
  3 quokkas
  A ball python (D:2)
  8 bats
  3 frilled lizards
  3 kobolds
  4 rats
  3 rat zombies (D:3)
62 creatures vanquished.

Notes
Turn   | Place    | Note
-------+----------+-------------------------------------------
     0 | D:1      | Gremour the Hill Orc Fighter began the quest for the Orb.
     0 | D:1      | Reached XP level 1. HP: 19/19 MP: 1/1
    27 | D:1      | Reached skill level 3 in Axes
   159 | D:1      | Reached XP level 2. HP: 20/26 MP: 2/2
   280 | D:1      | Reached skill level 4 in Axes
   910 | D:2      | Reached XP level 3. HP: 31/31 MP: 3/3
  1081 | D:2      | Reached skill level 5 in Axes
  1188 | D:2      | Found a radiant altar of Vehumet.
  1303 | D:2      | Reached XP level 4. HP: 39/39 MP: 4/4
  1818 | D:3      | Found a sacrificial altar of Ru.
  1872 | D:3      | Found a sparkling altar of Nemelex Xobeh.
  1877 | D:3      | Found a glowing golden altar of the Shining One.
  1889 | D:3      | Found a basalt altar of Yredelemnul.
  1894 | D:3      | Found a hide-covered altar of Uskayaw.
  2052 | D:3      | Found an ancient bone altar of Kikubaaqudgha.
  2453 | D:4      | Noticed an ogre
  2466 | D:4      | Killed an ogre
  2466 | D:4      | Reached skill level 7 in Axes
  2466 | D:4      | Reached XP level 5. HP: 45/45 MP: 5/5
  2729 | D:4      | Noticed an ogre
  2732 | D:4      | Slain by an ogre

Skill      XL: |  1  2  3  4 |
---------------+-------------+-----
Axes           | 3 4 5 7 |  7.7
Fighting       | |  3.6
Armour         | |  3.2
Shields        | |  3.2

Action                   |  1- 3 |  4- 6 || total
-------------------------+-------+-------++-------
Melee: War axe           |    84 |   108 ||   192
  Eat: Chunk             |     1 |     5 ||     6
Armor: Scale mail        |    30 |    31 ||    61
Dodge: Dodged            |    18 |    36 ||    54
Block: Shield            |    40 |    61 ||   101
